 Dungeon Crawl Stone Soup version 0.31.0-11-ge490571c62 (webtiles) character file.

Game seed: 16703898651531795507

121 Arcadio the Digger (level 5, -5/28 HPs)
             Began as a Gargoyle Earth Elementalist on Jan 27, 2024.
             Killed from afar by Dowan (8 damage)
             ... with a puff of flame
             ... on level 5 of the Dungeon.
             The game lasted 00:04:25 (2027 turns).

Arcadio the Digger (Gargoyle Earth Elementalist)    Turns: 2027, Time: 00:04:27

Health: -5/28      AC:  8    Str: 12    XL:     5   Next: 5%
Magic:  2/9        EV: 11    Int: 17    God:
Gold:   91         SH:  0    Dex: 10    Spells: 2/10 levels left

rFire   . . .        d - +0 short sword
rCold   . . .        (no shield)
rNeg    + . .        i - +0 leather armour
rPois   ∞            (no helmet)
rElec   +            (no cloak)
rCorr   .            (no gloves)
SInv    .            q - +0 pair of boots
Will    .....        (no amulet)
Stlth   ++           (no ring)
HPRegen 0.24/turn    (no ring)
MPRegen 0.11/turn

%: no passive effects
@: no status effects
A: sickness immunity, AC +4, negative energy resistance 1, electricity
resistance, torment resistance 1, petrification resistance
a: no special abilities


You were on level 5 of the Dungeon.
You visited 1 branch of the dungeon, and saw 4 of its levels.

You collected 91 gold pieces.

Inventory:

Hand Weapons
 d - a +0 short sword (weapon)
 l - a +0 rapier
 s - a +0 morningstar
Armour
 a - a +0 robe
 e - a +0 buckler
 i - a +0 leather armour (worn)
 q - a +0 pair of boots (worn)
Wands
 p - a wand of roots (1)
 r - a wand of flame (13)
Scrolls
 f - 2 scrolls of immolation
 g - 2 scrolls of fear {unknown}
 j - a scroll of teleportation {unknown}
 n - a scroll of identify {unknown}
Potions
 b - a potion of magic
 c - 2 potions of lignification {unknown}
 h - 2 potions of mutation {unknown}
 k - 2 potions of resistance {unknown}
 m - 2 potions of brilliance {unknown}
 o - 2 potions of attraction {unknown}


   Skills:
 + Level 2.7 Armour
 - Level 1.5 Dodging
 - Level 2.1 Stealth
 + Level 3.1 Spellcasting
 - Level 1.1 Conjurations
 + Level 4.8 Earth Magic


You had 2 spell levels left.
You knew the following spells:

 Your Spells              Type           Power      Damage    Failure   Level
a - Sandblast             Erth           38%        2d10      3%          1
b - Stone Arrow           Conj/Erth      24%        3d8       19%         3
c - Brom's Barrelling Bo  Conj/Erth      12%        2d4       54%         4

Your spell library contained the following spells:

 Spells                   Type           Power      Damage    Failure   Level
 Passwall                 Erth           19%        N/A       9%          3
 Petrify                  Alch/Erth      10%        N/A       63%         4


Dungeon Overview and Level Annotations

Branches:
Dungeon (3/15)

Altars:
Yredelemnul

Shops:
D:1 :

Annotations:
D:5 Dowan, Duvessa


Innate Abilities, Weirdness & Mutations

You are immune to sickness and miasma.
Your stone body is resilient. (AC +4)
You are immune to poison.
You resist negative energy. (rN+)
You are resistant to electric shocks. (rElec)
You are resistant to unholy torment.
You are immune to petrification.


Message History

Aiming: Sandblast (safe; 3% risk of failure)
Press: ? - help, Shift-Dir - straight line, f - orc priest
Aim: an orc priest, wielding a +0 dagger and wearing a +0 ring mail (84% to hit)
The blast of sand hits something.
The orc priest looks braver for a moment.
Casting: Sandblast (safe; 3% risk of failure)
Confirm with . or Enter, or press ? or * to list all spells.
Aiming: Sandblast (safe; 3% risk of failure)
Press: ? - help, Shift-Dir - straight line, f/p - orc priest
Aim: an orc priest, wielding a +0 dagger and wearing a +0 ring mail (84% to hit)
The blast of sand hits the orc priest.
The orc priest is lightly wounded.
Something barely misses you.
Casting: Sandblast (safe; 3% risk of failure)
Confirm with . or Enter, or press ? or * to list all spells.
Aiming: Sandblast (safe; 3% risk of failure)
Press: ? - help, Shift-Dir - straight line, f/p - orc priest
Aim: an orc priest, wielding a +0 dagger and wearing a +0 ring mail (lightly wounded, 84% to hit)
The blast of sand hits the orc priest but does no damage.
The orc priest is lightly wounded.
The orc priest hits you but does no damage.
Something hits you.
The orc priest calls upon Beogh to heal the orc priest.
The orc priest's wounds heal themselves!
The orc enters a dispersal trap!
The orc priest blinks! x5; You blink.
The orc blinks!
The orc priest enters a dispersal trap!
The orc blinks!
The orc priest blinks!
The orc blinks!
You blink.
Dowan, Brother of Duvessa comes into view.
He is wielding a +0 dagger of holy wrath.
Duvessa, Sister of Dowan comes into view.
She is wielding a +0 rapier and carrying a wand of polymorph.
Dowan casts a spell at you. The puff of flame hits you.
Dowan casts a spell at you. The puff of frost hits you!
Duvessa zaps a wand.
You resist with some effort.
A magic dart appears from out of thin air!
The magic dart hits you.
* * * LOW HITPOINT WARNING * * *
Dowan points at you and mumbles some strange words.
The puff of flame hits you!
You die...

.##...#..#..#.§...##
......#{###....§.##
..e......####o...#
.........#...##..###
...............o...#
........###..[...#.###
.....e..###..........#
........#..###......##
........@..# ####.###
..##.###....# ## . ...
##....# ..... ##.###
..## #.# .. ##


You could see Duvessa, Dowan and an orc priest.

Vanquished Creatures
  An iguana (D:5)
  6 adders
  An orc (D:5)
  5 bats
  9 endoplasms
  A giant cockroach (D:2)
  2 hobgoblins (D:1)
  2 quokkas (D:1)
  2 ball pythons
  A frilled lizard (D:1)
  3 goblins
  5 kobolds
  3 rats
41 creatures vanquished.

Notes
Turn   | Place    | Note
-------+----------+-------------------------------------------
     0 | D:1      | Arcadio the Gargoyle Earth Elementalist began the quest for
                  | the Orb.
     0 | D:1      | Reached XP level 1. HP: 10/10 MP: 3/3
    42 | D:1      | Found Vesuxitio's Book Emporium.
   107 | D:1      | Reached XP level 2. HP: 12/15 MP: 0/5
   193 | D:1      | Reached skill level 1 in Armour
   305 | D:1      | Reached skill level 4 in Earth Magic
   963 | D:2      | Reached XP level 3. HP: 19/19 MP: 3/6
  1017 | D:2      | Learned a level 3 spell: Stone Arrow
  1188 | D:2      | Reached XP level 4. HP: 24/24 MP: 6/8
  1193 | D:2      | Learned a level 4 spell: Brom's Barrelling Boulder
  1411 | D:2      | Found a faded altar of an unknown god.
  1886 | D:3      | Found a basalt altar of Yredelemnul.
  1997 | D:3      | You fall into a shaft and drop 2 floors!
  1997 | D:5      | Entered Level 5 of the Dungeon
  2009 | D:5      | Reached XP level 5. HP: 28/28 MP: 6/9
  2023 | D:5      | Noticed Dowan
  2023 | D:5      | Noticed Duvessa
  2027 | D:5      | Killed from afar by Dowan

Illustrated notes

Levels and vault maps discovered:
D:1:      tarquinn_simple_flora_water_d, layout_basic, serial_shops, shop
D:2:      layout_loops_cross, basic_ecumenical_altar, grunt_decor_clamped,
          amcnicky_mini_rare_corridor_liquid
D:3:      layout_basic, mainiacjoe_overflow_six_doors_small,
          amethyst_overflow_temple_binary
D:5:      layout_cave_pools, uniq_menkaure, uniq_duvessa

Skill      XL: |  1  2  3  4 |
---------------+-------------+-----
Armour         | 1 2 |  2.7
Earth Magic    | 4 |  4.8
Spellcasting   | 3 |  3.1
Dodging        | |  1.5
Stealth        | |  2.1
Conjurations   | |  1.1

Action                     |  1- 3 |  4- 6 || total
---------------------------+-------+-------++-------
  Melee: Unarmed           |     5 |       ||     5
         Short sword       |    25 |       ||    25
   Cast: Sandblast         |    33 |    22 ||    55
    Use: Scroll            |     1 |       ||     1
 Armour: Robe              |    39 |       ||    39
         Leather armour    |       |    11 ||    11
  Dodge: Dodged            |    30 |     2 ||    32
